 Dungeon Crawl Stone Soup version 0.29.1-1-gd02db6906a (webtiles) character file.

Game seed: 3628910750313143739

71 H0rd4k the Charlatan (level 4, -8/33 HPs)
             Began as a Human Artificer on Sept 15, 2022.
             Killed by nerve-wracking pain
             ... invoked by an orc priest
              (11 damage)
             ... on level 3 of the Dungeon.
             The game lasted 00:01:43 (2628 turns).

H0rd4k the Charlatan (Human Artificer)              Turns: 2628, Time: 00:01:44

Health: -8/33      AC:  4    Str: 12    XL:     4   Next: 47%
Magic:  4/4        EV: 12    Int: 13    God:
Gold:   137        SH:  0    Dex: 14    Spells: 3/3 levels left

rFire   x . .      SeeInvis .   a - +0 club
rCold   + . .      Faith    .   (no shield)
rNeg    . . .      Spirit   .   b - +0 leather armour
rPois   .          Reflect  .   (no helmet)
rElec   .          Harm     .   t - +0 cloak
rCorr   .          Rampage  .   (no gloves)
Will    +....                   (no boots)
Stlth   +.........              (no amulet)
HPRegen 0.11/turn               l - ring of willpower
MPRegen 0.09/turn               j - ring of ice

@: no status effects
A: no striking features
a: no special abilities


You were on level 3 of the Dungeon.
You visited 1 branch of the dungeon, and saw 3 of its levels.

You collected 137 gold pieces.

Inventory:

Hand Weapons
 a - a +0 club (weapon)
Armour
 b - a +0 leather armour (worn)
 t - a +0 cloak (worn)
Jewellery
 j - a ring of ice (right hand)
 l - a ring of willpower (left hand)
 s - an amulet of magic regeneration
Wands
 c - a wand of flame (7) (quivered)
 d - a wand of charming (14)
 e - a wand of iceblast (3)
Scrolls
 h - a scroll of enchant weapon {unknown}
 k - 2 scrolls of vulnerability {unknown}
 m - a scroll of enchant armour {unknown}
 n - a scroll of identify {unknown}
 o - 2 scrolls of fear {unknown}
 p - a scroll of immolation {unknown}
 q - 2 scrolls of brand weapon {unknown}
 r - a scroll of summoning {unknown}
 u - a scroll of poison {unknown}
 v - 3 scrolls of teleportation {unknown}
Potions
 f - a potion of ambrosia {unknown}
 g - a potion of degeneration {unknown}
 i - 2 potions of brilliance {unknown}


   Skills:
 + Level 2.0 Fighting
 + Level 2.4 Maces & Flails
 - Level 2.0 Armour
 + Level 2.1 Dodging
 - Level 1.0 Stealth
 - Level 3.0 Evocations


You had 3 spell levels left.
You didn't know any spells.
Your spell library was empty.

Dungeon Overview and Level Annotations

Branches:
Dungeon (3/15)

Altars:

Shops:
D:1 (


Message History

The quokka bites you but does no damage.
The orc hits you with a +0 club.
You barely miss the quokka.
The quokka is heavily wounded.
The quokka barely misses you. The quokka closely misses you.
You hit the quokka.
The quokka is almost dead.
The orc misses you. The orc hits you with a +0 club. The quokka misses you.
You hit the quokka.
You kill the quokka!
The orc barely misses you. The orc hits you with a +0 flail.
The orc barely misses you. The orc hits you with a +0 club.
The orc hits you with a +2 dagger of speed.
You hit the orc priest.
The orc priest is moderately wounded.
The orc barely misses you. The orc closely misses you.
The orc barely misses you. The orc priest misses you. The orc misses you.
There are monsters nearby!
There are monsters nearby!
The orc priest miscasts a cantrip.
The orc attacks as you move away!
The orc hits you with a +2 dagger of speed.
The orc attacks as you move away! The orc barely misses you.
The orc priest calls down the wrath of Beogh upon you.
Beogh smites you!
* * * LOW HITPOINT WARNING * * *
The orc attacks as you move away!
The orc hits you with a +2 dagger of speed.
* * * LOW HITPOINT WARNING * * *
There is an escape hatch in the floor here.
Aiming: Charm
Press: ? - help, Shift-Dir - straight line, f - orc
Aim: an orc, wielding a +2 dagger of speed and wearing a +0 leather armour (chance to affect: 73%)
The orc is charmed.
The orc barely misses your orc.
Unknown command.
The orc hits your orc with a +0 flail!
Your orc dies!
The orc priest invokes the aid of Beogh against you.
Pain shoots through your body!
You die...

#.# #.# +# ####.# #.#
..#.# #.# #.#.# #.#
####+##o#.##### #.#
#......oo.....# #.#
#......##)###.#
#.#####....o.##.@.#.###
......+.......o......>#
#.#####...........###.#
#.....#......###### #.#
#####.#......# #.#
##.##.#......# #.#
##....#......# #.#
##.#### #.# ##.##.. #.#


You could see an orc priest and 3 orcs.

Vanquished Creatures
  3 adders
  2 worms (D:2)
  A dart slug (D:2)
  3 ball pythons
  2 endoplasms (D:1)
  3 giant cockroaches
  4 goblins
  4 hobgoblins
  A quokka (D:3)
  4 bats
  4 frilled lizards
  2 kobolds
  4 rats
37 creatures vanquished.

Vanquished Creatures (others)
  An orc (D:3)
1 creature vanquished.

Grand Total: 38 creatures vanquished

Notes
Turn   | Place    | Note
-------+----------+-------------------------------------------
     0 | D:1      | H0rd4k the Human Artificer began the quest for the Orb.
     0 | D:1      | Reached XP level 1. HP: 15/15 MP: 1/1
   157 | D:1      | Found a faded altar of an unknown god.
   159 | D:1      | You fall into a shaft and drop 1 floor!
   260 | D:1      | Found Ewneh's Antique Weapon Shop.
   270 | D:1      | Reached XP level 2. HP: 21/21 MP: 2/2
   502 | D:1      | Reached skill level 1 in Maces & Flails
  1079 | D:2      | Reached XP level 3. HP: 22/26 MP: 3/3
  2077 | D:2      | Reached XP level 4. HP: 33/33 MP: 4/4
  2628 | D:3      | Killed from afar by an orc priest

Illustrated notes

Levels and vault maps discovered:
D:1:      ncdulo_smallfort, layout_rooms, serial_shops, shop_fountains,
          hellmonk_ecumenical_altar_crossroads
D:2:      layout_loops_ring
D:3:      layout_basic, mainiacjoe_overflow_alcove_2

Skill      XL: |  1  2  3  4 |
---------------+-------------+-----
Maces & Flails | 1 2 |  2.4
Dodging        | 2 |  2.1
Fighting       | 2 |  2.0
Armour         | |  2.0
Stealth        | |  1.0
Evocations     | |  3.0

Action                   |  1- 3 |  4- 6 || total
-------------------------+-------+-------++-------
Melee: Club              |   101 |    55 ||   156
       Punch             |     1 |       ||     1
Evoke: Wand              |    10 |     1 ||    11
 Stab: Sleeping          |       |     1 ||     1
Armor: Leather armour    |    32 |    23 ||    55
Dodge: Dodged            |    62 |    59 ||   121
